 Dungeon Crawl Stone Soup version 0.31.0-4-g52a2dc7128 (webtiles) character file.

Game seed: 4169050011056223949

10 Esekla the Grasshopper (level 2, 0/16 HPs)
             Began as a Deep Elf Warper on Jan 22, 2024.
             Constricted to death by a ball python (1 damage)
             ... on level 2 of the Dungeon.
             The game lasted 00:01:23 (83 turns).

Esekla the Grasshopper (Deep Elf Warper)              Turns: 83, Time: 00:01:24

Health: 0/16       AC:  3    Str:  8    XL:     2   Next: 10%
Magic:  8/8        EV:  9    Int: 17    God:
Gold:   0          SH:  0    Dex: 14    Spells: 7/7 levels left

rFire   . . .        a - +0 falchion
rCold   . . .        (no shield)
rNeg    . . .        b - +0 leather armour
rPois   .            (no helmet)
rElec   .            (no cloak)
rCorr   .            (no gloves)
SInv    .            (no boots)
Will    .....        (no amulet)
Stlth   +            (no ring)
HPRegen 0.22/turn    (no ring)
MPRegen 0.11/turn

%: no passive effects
@: constricted
A: no striking features
a: no special abilities


You were on level 2 of the Dungeon.
You visited 1 branch of the dungeon, and saw 2 of its levels.

Inventory:

Hand Weapons
 a - a +0 falchion (weapon)
Missiles
 d - 7 darts of dispersal (quivered)
Armour
 b - a +0 leather armour (worn)
Scrolls
 e - 3 scrolls of identify {unknown}


   Skills:
 - Level 1.5 Fighting
 + Level 1.9 Long Blades
 + Level 1.0 Throwing
 + Level 0.8 Armour
 * Level 2.6 Dodging
 * Level 3.3 Spellcasting
 + Level 3.5 Translocations


You had 7 spell levels left.
You didn't know any spells.
Your spell library contained the following spells:

 Spells                   Type           Power      Damage    Failure   Level
 Blink                    Tloc           28%        N/A       9%          2
 Lesser Beckoning         Tloc           28%        N/A       9%          2
 Teleport Other           Tloc           14%        N/A       17%         3
 Manifold Assault         Tloc           14%        N/A       50%         4
 Vhi's Electric Charge    Tloc/Air       16%        N/A       75%         4


Dungeon Overview and Level Annotations

Branches:
Dungeon (1/15)

Altars:


Message History

The ball python bites you but does no damage.
The ball python barely misses you. The ball python barely misses you.
The ball python grabs you. The ball python constricts you.
You escape the ball python's grasp.
Found 5 stones.
The adder barely misses you.
A giant cockroach comes into view.
Found a coppery potion.
Found a stone staircase leading up.
The adder attacks as it pursues you! The adder closely misses you.
You miss the adder. The adder bites you but does no damage.
The adder bites you.
You are poisoned.
The adder poisons you!
You hit the adder.
The adder is moderately wounded.
You feel sick. The adder misses you.
You slash the adder!
The adder is almost dead.
You feel sick. The adder bites you.
* * * LOW HITPOINT WARNING * * *
The adder barely misses you.
You aren't carrying any potions.
You hit the adder.
You kill the adder!
* * * LOW HITPOINT WARNING * * *
You feel sick. The ball python closely misses you. The ball python grabs you.
The ball python constricts you.
* * * LOW HITPOINT WARNING * * *
You have reached level 2!
Blink to where?
Press: ? - help, Dir - move target The ball python's grasp on you weakens, but your attempt to escape fails.
As you read the scroll of blinking, it crumbles to dust.
* * * LOW HITPOINT WARNING * * *
You feel sick.
You are no longer poisoned.
The giant cockroach bites you but does no damage.
The ball python bites you but does no damage.
The ball python constricts you.
You die...

...#... .....<.
# ....... ###.
!...... #... #
.(..... ..###..
....... ##......
#..B##......##
#.@S..###...
######..#.....
##.........#
##....S.)...# .
#...........#..
#...............
#...............
#...............
#..............#


You could see a giant cockroach and a ball python.

Vanquished Creatures
  An adder (D:2)
  A ball python (D:1)
2 creatures vanquished.

Notes
Turn   | Place    | Note
-------+----------+-------------------------------------------
     0 | D:1      | Esekla the Deep Elf Warper began the quest for the Orb.
     0 | D:1      | Reached XP level 1. HP: 12/12 MP: 6/6
    60 | D:1      | You fall into a shaft and drop 1 floor!
    83 | D:2      | Reached XP level 2. HP: 2/16 MP: 8/8
    83 | D:2      | Constricted to death by a ball python

Illustrated notes

Levels and vault maps discovered:
D:1:      lightli_arrival_windingriver, layout_basic,
          hangedman_decor_clover_reticule, minmay_misc_feat_alley,
          chequers_serial_rivers_micro_e
D:2:      layout_rooms, minmay_tromino_i2, uniq_jessica, uniq_natasha,
          uniq_crazy_yiuf_cottage

Action                     || total
---------------------------++-------
  Melee: Falchion          ||     9
    Use: Scroll            ||     1
 Armour: Leather armour    ||    12
  Dodge: Dodged            ||     9
